 Dungeon Crawl Stone Soup version 0.19.1-1-g22dce08 (webtiles) character file.

4520 Naow the Cleaver (level 10, -3/138 HPs)
             Began as a Minotaur Berserker on Jan 20, 2017.
             Was a High Priest of Trog.
             Slain by Psyche
             ... wielding a +3 dagger of distortion
              (15 damage)
             ... on level 8 of the Dungeon.
             The game lasted 00:15:34 (9688 turns).

Naow the Cleaver (Minotaur Berserker)               Turns: 9688, Time: 00:15:35

Health: -3/138     AC: 15    Str: 28    XL:     10   Next: 17%
Magic:  9/9        EV: 10    Int:  6    God:    Trog [*****.]
Gold:   362        SH:  0    Dex: 10    Spells: 0 memorised, 9 levels left

rFire  . . .     SeeInvis .     H - +4 hand axe (curse)
rCold  . . .     Gourm    .     f - +0 plate armour
rNeg   . . .     Faith    .     (no shield)
rPois  .         Spirit   .     (helmet restricted)
rElec  .         Reflect  .     r - +0 cloak
rCorr  .         Harm     .     (no gloves)
MR     .....                    (no boots)
Stlth  ..........               O - amulet of magic regeneration
                                z - +2 ring of evasion
                                N - ring of loudness (curse)

@: berserking, lethally poisoned (-3 -> -4), very quick
A: retaliatory headbutt, horns 2
a: Berserk, Trog's Hand, Brothers in Arms, Burn Spellbooks, Renounce Religion


You were on level 8 of the Dungeon.
You worshipped Trog.
Trog was extremely pleased with you.
You were near starving.

You visited 1 branch of the dungeon, and saw 8 of its levels.
You also visited: Ossuary.

You collected 362 gold pieces.

Inventory:

Hand Weapons
 a - a +0 hand axe
 H - a cursed +4 hand axe (weapon)
 K - a -3 war axe
Armour
 b - a +0 animal skin
 f - a +0 plate armour (worn)
 r - a +0 cloak (worn)
 J - a +0 ring mail
Jewellery
 y - an uncursed ring of fire
 z - a +2 ring of evasion (right hand)
 N - a cursed ring of loudness (left hand)
 O - an amulet of magic regeneration (around neck)
Wands
 B - a wand of paralysis (8/24)
 E - a wand of polymorph (20/24)
 F - a wand of confusion (13/48)
 L - a wand of acid (7/15)
 Q - a wand of teleportation (2/9)
Scrolls
 g - a scroll of silence {unknown}
 j - 2 scrolls of enchant armour {unknown}
 k - a scroll of summoning {unknown}
 m - a scroll of fog {unknown}
 n - 5 scrolls of teleportation {unknown}
 p - 8 scrolls of identify
 t - 3 scrolls of noise {unknown}
 v - 3 scrolls of recharging {unknown}
 x - a scroll of fear {unknown}
 G - a scroll of magic mapping {unknown}
Potions
 d - a potion of cancellation {unknown}
 e - a potion of invisibility
 h - a potion of flight
 i - 3 potions of ambrosia
 l - 3 potions of curing
 o - 2 potions of haste {unknown}
 q - a potion of magic {unknown}
 s - a potion of might {unknown}
 u - a potion of lignification {unknown}
 w - 2 potions of mutation
 A - 2 potions of heal wounds {unknown}
 C - 2 potions of degeneration {unknown}
 D - a potion of berserk rage {unknown}
 T - a potion of resistance {unknown}
Books
 R - a book of Geomancy

   Spells                             Type                      Level
   a - Sandblast                      Earth                        1
   b - Passwall                       Transmutation/Earth          2
   c - Stone Arrow                    Conjuration/Earth            3
   d - Petrify                        Transmutation/Earth          4
   e - Lee's Rapid Deconstruction     Earth                        5
   Trog disapproves of the use of such an item.
Comestibles
 c - 8 bread rations
 I - 5 meat rations
 M - a beef jerky
 P - 6 fruits


   Skills:
 + Level 9.6 Fighting
 * Level 12.7 Axes
 + Level 9.1 Armour
 - Level 2.1 Dodging


You had 9 spell levels left.
You didn't know any spells.

Dungeon Overview and Level Annotations

Branches:
Dungeon (8/15)             Temple (0/1) D:5            Lair (0/6) D:8

Altars:
Ashenzari
Dithmenos
Qazlal
Yredelemnul
Zin

Annotations:
D:6 exclusion: oklob plant
D:8 Psyche


Innate Abilities, Weirdness & Mutations

You reflexively headbutt those who attack you in melee.
You have a pair of horns on your head.


Message History

Psyche laughs secretively.
Psyche hits you but does no damage. Space warps horribly around you!
* * * LOW HITPOINT WARNING * * *
You are feeling hungry.
That breadfruit was delicious!
A red film seems to cover your vision as you go berserk!
You feel yourself moving faster!
You feel mighty!
You are near starving!
You feel sick. Psyche barely misses you. You furiously retaliate!
You headbutt Psyche. You closely miss Psyche. You headbutt Psyche!!
Psyche is heavily wounded.
Psyche gestures at you while chanting. The magic dart hits you!
You hit Psyche.
Psyche is heavily wounded.
You slash Psyche!
Psyche is severely wounded.
Psyche hits you but does no damage. Space warps horribly around you!
You die...

#............#
#............#
#...........## #...........#
#...........# ####
##.†.........#
##..###†...<.......#
#..<.#..###.......##
##.....@## ##......#
##.....@..## ##.....#
#..........## ##...##
##...........## ##.##
#.............## ##.##
##..............#####.#####
#..........>.......##......
##..................###.....
#................_..# #.....


You could see Psyche.

Vanquished Creatures
  A queen bee (D:8)
  A troll (D:7)
  A hippogriff (D:8)
  2 wraiths (Ossuary)
  A hungry ghost (D:8)
  A water moccasin (D:8)
  An ogre (D:6)
  2 sky beasts
  An orc warrior (D:7)
  4 centaurs
  A big kobold (D:8)
  Blork the orc (D:4)
  3 bullfrogs
  A scorpion (D:4)
  12 killer bees
  7 wights
  A howler monkey (D:7)
  3 crimson imps (D:6)
  8 jellies
  A bullfrog skeleton (D:7)
  6 hounds
  4 orc priests
  7 orc wizards
  Crazy Yiuf (D:2)
  2 iguanas
  7 worker ants
  Terence (D:4)
  A mummy (D:4)
  4 gnolls (D:7)
  10 adders
  15 oozes
  An adder zombie (D:5)
  An adder skeleton (D:4)
  4 worms
  5 dart slugs
  5 leopard geckos
  32 orcs
  2 ball pythons
  13 bats
  A giant cockroach (D:2)
  8 goblins
  7 hobgoblins
  2 jackals (D:2)
  12 kobolds
  A ball python skeleton (Ossuary)
  4 frilled lizards
  A goblin zombie (D:4)
  3 hobgoblin skeletons (Ossuary)
  4 hobgoblin zombies
  A kobold zombie (Ossuary)
  A leopard gecko skeleton (D:5)
  An orc skeleton (Ossuary)
  8 rats
  A fungus (D:2)
229 creatures vanquished.

Vanquished Creatures (others)
  4 fungi (D:6)
4 creatures vanquished.

Grand Total: 233 creatures vanquished

Notes
Turn   | Place    | Note
-------+----------+-------------------------------------------
     0 | D:1      | Naow the Minotaur Berserker began the quest for the Orb.
     0 | D:1      | Reached XP level 1. HP: 19/19 MP: 0/0
   132 | D:1      | Reached skill level 4 in Axes
   144 | D:1      | Reached XP level 2. HP: 27/27 MP: 1/1
   853 | D:2      | Reached XP level 3. HP: 33/33 MP: 2/2
   979 | D:2      | Reached ** piety under Trog
  1453 | D:2      | Noticed Terence
  1545 | D:2      | Reached XP level 4. HP: 37/41 MP: 3/3
  1611 | D:2      | Reached skill level 5 in Axes
  2002 | D:2      | Found a runed door.
  2006 | D:2      | Noticed Crazy Yiuf
  2009 | D:2      | Killed Crazy Yiuf
  2053 | D:3      | Reached XP level 5. HP: 45/47 MP: 4/4
  2764 | D:3      | Found a shadowy altar of Dithmenos.
  2773 | D:3      | Found a glowing silver altar of Zin.
  3411 | D:4      | Found a sand-covered staircase.
  3505 | Ossuary  | Entered an ossuary
  3679 | Ossuary  | Reached *** piety under Trog
  3684 | Ossuary  | Reached skill level 5 in Fighting
  3698 | Ossuary  | Reached skill level 6 in Axes
  3785 | Ossuary  | Reached XP level 6. HP: 56/56 MP: 5/5
  3814 | Ossuary  | Noticed a flying skull
  3814 | Ossuary  | Noticed a wraith
  3826 | Ossuary  | Noticed a flying skull
  3848 | Ossuary  | Noticed a flying skull
  3856 | Ossuary  | Noticed a wraith
  3867 | Ossuary  | HP: 1/84 [wraith (13)]
  3869 | Ossuary  | Killed a wraith
  4162 | Ossuary  | Noticed a flying skull
  4166 | Ossuary  | Reached skill level 7 in Axes
  4265 | Ossuary  | Noticed a wraith
  4276 | Ossuary  | Killed a wraith
  4276 | Ossuary  | Reached skill level 5 in Armour
  4276 | Ossuary  | Reached XP level 7. HP: 37/62 MP: 6/6
  4702 | D:4      | Reached skill level 8 in Axes
  4777 | D:4      | Killed Terence
  4923 | D:4      | Noticed Blork the orc
  4929 | D:4      | Killed Blork the orc
  5067 | D:4      | Reached XP level 8. HP: 52/71 MP: 7/7
  5594 | D:5      | Entered Level 5 of the Dungeon
  5612 | D:5      | Reached skill level 9 in Axes
  5969 | D:5      | Reached **** piety under Trog
  6031 | D:5      | Found a staircase to the Ecumenical Temple.
  6070 | D:5      | You fall through a shaft for 2 floors!
  6528 | D:7      | Reached skill level 10 in Axes
  6967 | D:7      | Reached XP level 9. HP: 71/81 MP: 8/8
  7052 | D:7      | Noticed a troll
  7059 | D:7      | Killed a troll
  7154 | D:6      | Reached skill level 11 in Axes
  7389 | D:6      | Noticed an oklob plant
  7661 | D:6      | Found a stormy altar of Qazlal.
  7703 | D:6      | Found a shadowy altar of Dithmenos.
  8327 | D:8      | Found a staircase to the Lair.
  8464 | D:8      | Reached skill level 12 in Axes
  8563 | D:8      | Reached ***** piety under Trog
  8704 | D:8      | Found a shattered altar of Ashenzari.
  8757 | D:8      | Noticed Psyche
  8895 | D:8      | Found a basalt altar of Yredelemnul.
  8901 | D:8      | Reached XP level 10. HP: 86/91 MP: 9/9
  9688 | D:8      | Slain by Psyche

Skill      XL: |  1  2  3  4  5  6  7  8  9 10 |
---------------+-------------------------------+-----
Axes           | 4 5 6 7 8 10 12 | 12.7
Fighting       | 4 5 6 7 9 |  9.6
Armour         | 3 4 5 6 7 8 9 |  9.1
Dodging        | |  2.1

Action                   |  1- 3 |  4- 6 |  7- 9 | 10-12 || total
-------------------------+-------+-------+-------+-------++-------
Melee: Hand axe          |    51 |   152 |   353 |    44 ||   600
       Headbutt          |    10 |    35 |    86 |     6 ||   137
Invok: Berserk           |     2 |     7 |     4 |     2 ||    15
       Trog's Hand       |       |     1 |       |     1 ||     2
  Use: Scroll            |       |       |     8 |       ||     8
 Stab: Sleeping          |     1 |       |       |       ||     1
       Distracted        |       |       |     1 |       ||     1
  Eat: Chunk             |     4 |     8 |    19 |     1 ||    32
       Pizza             |       |     1 |       |       ||     1
       Beef jerky        |       |     1 |       |     1 ||     2
       Bread ration      |       |     1 |       |       ||     1
       Fruit             |       |       |       |     1 ||     1
Armor: Animal skin       |    12 |    18 |       |       ||    30
       Ring mail         |       |       |    24 |       ||    24
       Plate armour      |       |       |   115 |    62 ||   177
Dodge: Dodged            |    33 |    82 |   126 |    47 ||   288
